 Dungeon Crawl Stone Soup version 0.30-a0-4-ga7cffc901d (webtiles) character file.

Game seed: 12799700645885348432

24976 SensoryNuts the Bludgeoner (level 12, 0/118 HPs)
             Began as a Troll Fighter on Aug 20, 2022.
             Was an Initiate of Gozag.
             Slain by a large slime creature (29 damage)
             ... on level 13 of the Dungeon.
             The game lasted 00:22:01 (11911 turns).

SensoryNuts the Bludgeoner (Troll Fighter)         Turns: 11911, Time: 00:22:01

Health: 0/118      AC:  9    Str: 29    XL:     12   Next: 85%
Magic:  11/11      EV: 13    Int:  8    God:    Gozag
Gold:   821        SH:  4    Dex: 15    Spells: 11/11 levels left

rFire   + . .      SeeInvis .    F - +4 giant spiked club
rCold   . . .      Faith    .    (shield currently unavailable)
rNeg    . . .      Spirit   .    z - +0 steam dragon scales
rPois   .          Reflect  .    (helmet restricted)
rElec   .          Harm     .    j - +1 cloak
rCorr   .          Rampage  .    (gloves unavailable)
Will    ++...                    (boots unavailable)
Stlth   ++........               c - amulet of regeneration
HPRegen 2.69/turn                E - +6 ring of dexterity
MPRegen 0.12/turn                d - ring "Cotorerphaut" {Fly rF+ Will+ Int+4}

@: flying, studying Maces & Flails
A: large, unfitting armour, claws 3, regeneration 2, shaggy fur 1, tough skin 1,
large bone plates 1, strong-willed 1, weak 1
a: Renounce Religion, Potion Petition, Call Merchant, Bribe Branch


You were on level 13 of the Dungeon.
You worshipped Gozag.
Gozag was pleased with you.
You visited 2 branches of the dungeon, and saw 14 of its levels.
You also visited: Sewer and Ossuary.

You collected 2511 gold pieces.
You paid 1690 gold pieces to Gozag.

Inventory:

Hand Weapons
 a - a +1 flail
 F - a +4 giant spiked club (weapon)
Missiles
 w - 3 throwing nets (quivered)
Armour
 j - a +1 cloak (worn)
 z - +0 steam dragon scales (worn)
Jewellery
 c - an amulet of regeneration (around neck)
 d - the ring "Cotorerphaut" (right claw) {Fly rF+ Will+ Int+4}
   (You found it on level 11 of the Dungeon)

   [ring of flight]

   Int:       It affects your intelligence (+4).
   rF:        It protects you from fire.
   Fly:       It grants you flight.
   Will:      It increases your willpower.
 f - a ring of ice
 h - an amulet of the acrobat
 m - an amulet of magic regeneration
 v - a ring of see invisible
 E - a +6 ring of dexterity (left claw)
 I - a ring of positive energy
Wands
 b - a wand of flame (8)
 y - a wand of paralysis (18)
 B - a wand of digging (3)
 C - a wand of light (5)
Scrolls
 i - 3 scrolls of immolation
 l - 3 scrolls of butterflies
 p - 2 scrolls of blinking
 q - 3 scrolls of amnesia
 r - 2 scrolls of vulnerability
 u - a scroll of summoning
 x - 2 scrolls of noise
 A - a scroll of magic mapping
 D - 5 scrolls of identify
Potions
 e - 2 potions of flight
 k - 5 potions of brilliance
 n - a potion of magic
 o - 7 potions of curing
 s - 3 potions of invisibility
 t - 4 potions of degeneration
 G - 2 potions of attraction
 H - a potion of might


   Skills:
 + Level 7.6 Fighting
 * Level 17.7 Maces & Flails
 + Level 6.8 Dodging
 + Level 2.3 Stealth
 + Level 4.0 Shields


You had 11 spell levels left.
You didn't know any spells.
Your spell library contained the following spells:

 Spells                   Type           Power      Damage    Failure   Level
 Magic Dart               Conj           0%         1d3       41%         1
 Call Imp                 Summ           0%         N/A       54%         2
 Confusing Touch          Hex            0%         N/A       78%         3
 Mephitic Cloud           Conj/Pois/Air  0%         N/A       78%         3
 Stone Arrow              Conj/Erth      0%         3d7       78%         3
 Animate Armour           Summ/Erth      0%         N/A       99%         4
 Cause Fear               Hex            0%         N/A       99%         4
 Hailstorm                Conj/Ice       0%         3d3       99%         4
 Ice Form                 Ice/Tmut       0%         N/A       99%         4
 Yara's Violent Unravell  Hex/Tmut       0%         3d3       100%        5
 Dragon Form              Tmut           0%         N/A       100%        7
 Enfeeble                 Hex            0%         N/A       100%        7
 Lehudib's Crystal Spear  Conj/Erth      0%         10d2      100%        8
 Dragon's Call            Summ           0%         N/A       100%        9
 Simulacrum               Ice/Necr       Unusable   N/A       N/A         6

Dungeon Overview and Level Annotations

Branches:
Dungeon (13/15)            Temple (1/1) D:6            Lair (0/5) D:9
    Orc (0/2) D:9           Sewer (visited)         Ossuary (visited)
 Vaults: D:13-14

Altars:
Ashenzari
Cheibriados
Elyvilon
Fedhas
Gozag
Hepliaklqana
Makhleb
Nemelex Xobeh
Okawaru
Qazlal
Ru
Uskayaw
Wu Jian
Yredelemnul
Zin
The Shining One

Shops:
D:2 *   D:9 *


Innate Abilities, Weirdness & Mutations

You are too large for most types of armour.
You have claws for hands.
You heal very quickly.
You are covered in fur. (AC +1)
You have tough skin. (AC +1)
You are partially covered in large bone plates. (SH +4)
You are strong-willed. (Will+)
You are weak. (Str -2)


Message History

The slime creature quivers.
You bludgeon the slime creature!!
The slime creature is heavily wounded.
You block the slime creature's attack.
You puncture the slime creature!
The slime creature is severely wounded.
The slime creature is no longer distracted by gold.
Two slime creatures merge to form a large slime creature.
You barely miss the large slime creature.
The large slime creature is moderately wounded.
The large slime creature hits you.
You barely miss the large slime creature.
The large slime creature is moderately wounded.
The large slime creature hits you!!
You hit the large slime creature.
The large slime creature is moderately wounded.
The large slime creature closely misses you.
You thump the large slime creature!
The large slime creature is heavily wounded.
The large slime creature hits you but does no damage.
You completely miss the large slime creature.
The large slime creature is heavily wounded.
You stick the large slime creature like a pincushion!!!
The large slime creature is severely wounded.
The large slime creature hits you.
You thump the large slime creature!
The large slime creature is almost dead.
The large slime creature hits you.
You hit the large slime creature.
The large slime creature is almost dead.
You block the large slime creature's attack.
You barely miss the large slime creature.
The large slime creature is almost dead.
The large slime creature hits you!!
* * * LOW HITPOINT WARNING * * *
You barely miss the large slime creature.
The large slime creature is almost dead.
The large slime creature hits you!!
You die...
Your body crumbles into a pile of gold.

#...... #........#
#.....# #........#
#.....# #.........
####.....# #.....####
.......$.# #.....#
.......J.# #.....#
.........# #.....#
.........#########.....#
#####...CJ@............#
###########........#
##########


You could see a large slime creature and a cyclops.

Vanquished Creatures
  An ironbound preserver (D:13)
  3 hydras
  A boulder beetle (D:12)
  A rakshasa (D:10)
  Erica (D:8)
  2 centaur warriors
  3 two-headed ogres
  A death knight (D:11)
  A skeletal warrior (D:11)
  Pikel (D:9)
  An ugly thing (D:13)
  The ghost of Spectrina the Ducker, a novice DjVM (D:7)
  2 cyclopes
  2 manticores (D:11)
  A cyclops (shapeshifter) (D:11)
  A guardian serpent (shapeshifter) (D:11)
  2 gargoyles
  A torpor snail (shapeshifter) (D:11)
  Maggie (D:6)
  A tengu conjurer (D:11)
  An unseen horror (D:11)
  A meliai (D:10)
  4 trolls
  5 slime creatures
  Grinder (D:6)
  A shadow (D:11)
  A vampire (D:10)
  3 wraiths
  2 water elementals (D:12)
  Grum (D:8)
  7 yaks
  Eustachio (D:5)
  A wyvern (D:9)
  A steam dragon (D:8)
  A vampire mosquito (D:13)
  A warg (D:9)
  An acid dragon (D:10)
  A water moccasin (D:9)
  3 orc warriors
  2 black bears
  6 ogres
  3 wolves (D:8)
  6 centaurs
  3 lemures (D:9)
  2 phantoms
  6 kobold brigands
  4 bullfrogs
  A gnoll sergeant (D:11)
  5 necrophages
  10 scorpions
  A wight (D:10)
  4 electric eels (D:12)
  A crimson imp (D:4)
  5 howler monkeys
  3 hounds
  A centaur zombie (Ossuary)
  5 orc priests
  2 jellies
  2 scorpion zombies (Ossuary)
  2 iguanas (D:5)
  2 orc wizards
  3 mummies (Ossuary)
  A hound skeleton (D:6)
  Robin (D:2)
  19 gnolls
  8 adders
  4 river rats (Sewer)
  2 white imps (D:6)
  3 worms
  3 dart slugs
  26 orcs
  9 endoplasms
  5 giant cockroaches
  2 gnoll zombies (Ossuary)
  13 goblins
  15 hobgoblins
  A jackal (Sewer)
  17 kobolds
  2 quokkas
  13 ball pythons
  2 bats (D:1)
  6 frilled lizards
  3 goblin skeletons (D:4)
  A goblin zombie (Ossuary)
  2 hobgoblin zombies
  2 kobold skeletons (D:4)
  2 kobold zombies
  2 orc skeletons (D:4)
  8 orc zombies
  A quokka zombie (D:6)
  6 rats
  A rat zombie (D:6)
324 creatures vanquished.

Vanquished Creatures (collateral kills)
  A two-headed ogre (D:11)
  3 yaks (D:11)
  A wight (D:11)
5 creatures vanquished.

Vanquished Creatures (others)
  A death knight (D:13)
  2 plants (Sewer)
3 creatures vanquished.

Grand Total: 332 creatures vanquished

Notes
Turn   | Place    | Note
-------+----------+-------------------------------------------
     0 | D:1      | SensoryNuts the Troll Fighter began the quest for the Orb.
     0 | D:1      | Reached XP level 1. HP: 22/22 MP: 0/0
   120 | D:1      | Reached XP level 2. HP: 29/29 MP: 1/1
   180 | D:1      | Reached skill level 2 in Maces & Flails
   554 | D:1      | Found a faded altar of an unknown god.
   729 | D:2      | Reached XP level 3. HP: 36/36 MP: 2/2
   833 | D:2      | Found Pousiot's Assorted Antiques.
   929 | D:2      | Found a glowing golden altar of the Shining One.
  1041 | D:2      | Noticed Robin
  1052 | D:2      | Killed Robin
  1068 | D:2      | Reached skill level 3 in Maces & Flails
  1243 | D:2      | Reached XP level 4. HP: 44/44 MP: 3/3
  1586 | D:3      | Noticed an ogre
  1623 | D:3      | Killed an ogre
  1624 | D:3      | Reached XP level 5. HP: 30/52 MP: 4/4
  1769 | D:3      | Found a glowing silver altar of Zin.
  1779 | D:3      | Reached skill level 4 in Maces & Flails
  2213 | D:4      | Reached XP level 6. HP: 55/61 MP: 5/5
  2361 | D:4      | Reached skill level 5 in Maces & Flails
  2405 | D:4      | Found a glowing golden altar of the Shining One.
  2515 | D:4      | Identified the +1 robe of the Playwright {rPois Stlth+}
  2778 | D:5      | Entered Level 5 of the Dungeon
  2860 | D:5      | Found a snail-covered altar of Cheibriados.
  2868 | D:5      | Found a sacrificial altar of Ru.
  2875 | D:5      | Found a hide-covered altar of Uskayaw.
  3042 | D:5      | Reached XP level 7. HP: 60/60 MP: 6/6
  3162 | D:5      | Reached skill level 6 in Maces & Flails
  3170 | D:5      | HP: 2/64 [black bear (3)]
  3253 | D:5      | Found a glowing drain.
  3288 | Sewer    | Entered a sewer
  3510 | Sewer    | Reached skill level 7 in Maces & Flails
  3515 | Sewer    | Reached XP level 8. HP: 63/78 MP: 7/7
  4101 | D:5      | Noticed Eustachio
  4162 | D:5      | Killed Eustachio
  4163 | D:5      | Reached skill level 8 in Maces & Flails
  4883 | D:6      | Found a staircase to the Ecumenical Temple.
  4902 | D:5      | Reached skill level 1 in Stealth
  4977 | D:6      | Found a sand-covered staircase.
  5015 | Temple   | Entered the Ecumenical Temple
  5067 | Temple   | Became a worshipper of Gozag Ym Sagoz the Greedy
  5109 | Ossuary  | Entered an ossuary
  5261 | Ossuary  | Reached skill level 9 in Maces & Flails
  5270 | Ossuary  | Reached XP level 9. HP: 82/84 MP: 8/8
  5634 | D:6      | Noticed Grinder
  5641 | D:6      | Paralysed by Grinder for 3 turns
  5645 | D:6      | Killed Grinder
  5646 | D:6      | Reached skill level 10 in Maces & Flails
  5714 | D:6      | Noticed Maggie
  5726 | D:6      | Killed Maggie
  6177 | D:6      | Found a burning altar of Makhleb.
  6389 | D:7      | Reached skill level 11 in Maces & Flails
  6404 | D:7      | Found a stormy altar of Qazlal.
  6415 | D:7      | Reached skill level 5 in Dodging
  6512 | D:7      | Found a runed translucent gate.
  6512 | D:7      | Noticed Spectrina's ghost (novice DjVM)
  6513 | D:7      | Found a runed translucent gate.
  6515 | D:7      | Found a runed translucent gate.
  6798 | D:7      | Killed Spectrina's ghost
  6799 | D:7      | Reached XP level 10. HP: 93/94 MP: 9/9
  6810 | D:7      | Identified the +1 helmet of Duts {rPois rC+ Str+3}
  6835 | D:7      | Gained mutation: Your spells are a little harder to cast,
                  | but a little more powerful. [potion of mutation]
  6835 | D:7      | Gained mutation: You are dopey. (Int -2) [potion of
                  | mutation]
  6835 | D:7      | Gained mutation: You are partially covered in large bone
                  | plates. (SH +4) [potion of mutation]
  6919 | D:8      | Noticed Grum
  6920 | D:8      | Noticed a two-headed ogre
  6928 | D:8      | Reached skill level 5 in Fighting
  6953 | D:8      | Killed a two-headed ogre
  6955 | D:8      | Killed Grum
  6957 | D:8      | Noticed Erica
  6965 | D:8      | Reached skill level 12 in Maces & Flails
  6973 | D:8      | Killed Erica
  7042 | D:8      | Found a basalt altar of Yredelemnul.
  7768 | D:9      | Found a staircase to the Lair.
  7935 | D:9      | Noticed a cyclops
  7935 | D:9      | Noticed a two-headed ogre
  7946 | D:9      | Killed a two-headed ogre
  7947 | D:9      | Reached skill level 13 in Maces & Flails
  7956 | D:9      | Killed a cyclops
  7976 | D:9      | Found a staircase to the Orcish Mines.
  7993 | D:9      | Noticed Pikel
  8053 | D:9      | Killed Pikel
  8054 | D:9      | Reached XP level 11. HP: 88/105 MP: 10/10
  8454 | D:9      | Found Woedaaf's Overcharged Wands.
  8624 | D:10     | Entered Level 10 of the Dungeon
  8882 | D:10     | Identified the +11 spear of the Shrieking God {vamp, rPois
                  | rN+ Int+3 Stlth-}
  8901 | D:10     | Noticed a two-headed ogre
  8980 | D:11     | Killed a two-headed ogre
  9181 | D:11     | Reached skill level 14 in Maces & Flails
  9262 | D:11     | Lost mutation: Your spells are a little harder to cast, but
                  | a little more powerful. [potion of mutation]
  9262 | D:11     | Lost mutation: You are dopey. (Int -2) [potion of mutation]
  9262 | D:11     | Gained mutation: You heal very quickly. [potion of
                  | mutation]
  9262 | D:11     | Gained mutation: You are weak. (Str -2) [potion of
                  | mutation]
  9262 | D:11     | Gained mutation: You are strong-willed. (Will+) [potion of
                  | mutation]
  9285 | D:11     | Noticed a death knight
  9292 | D:11     | Killed a death knight
  9314 | D:11     | Noticed a seven-headed hydra
  9320 | D:11     | Killed a seven-headed hydra
  9363 | D:11     | Noticed a centaur warrior
  9363 | D:11     | Noticed a skeletal warrior
  9369 | D:11     | Identified the +6 rapier "Acopatzag" {vorpal, +Blink rPois
                  | rCorr Dex-3 Stlth+}
  9378 | D:11     | Killed a skeletal warrior
  9383 | D:11     | Noticed a fire crab
  9387 | D:11     | Noticed a harpy
  9387 | D:11     | a fire crab changed into a harpy
  9395 | D:11     | a harpy changed into a black mamba
  9437 | D:11     | Identified the +4 trident of the Forging Gods {drain,
                  | rCorr}
  9463 | D:11     | Killed a centaur warrior
  9571 | D:11     | Identified the ring "Cotorerphaut" {Fly rF+ Will+ Int+4}
  9622 | D:11     | Reached XP level 12. HP: 110/115 MP: 11/11
  9843 | D:11     | Reached skill level 15 in Maces & Flails
  9977 | D:11     | Identified a scroll of acquirement
  9978 | D:11     | Acquired a manual of Maces & Flails
 10079 | D:10     | Noticed a rakshasa
 10119 | D:10     | Killed a rakshasa
 10121 | D:10     | Noticed a two-headed ogre
 10150 | D:10     | Killed a two-headed ogre
 10609 | D:12     | Noticed a boulder beetle
 10619 | D:12     | Killed a boulder beetle
 10620 | D:12     | Reached skill level 16 in Maces & Flails
 11108 | D:12     | Noticed a five-headed hydra
 11114 | D:12     | Killed a five-headed hydra
 11666 | D:13     | Noticed a death knight
 11680 | D:13     | Killed a death knight
 11740 | D:13     | Noticed a centaur warrior
 11751 | D:13     | Killed a centaur warrior
 11752 | D:13     | Reached skill level 17 in Maces & Flails
 11772 | D:13     | Noticed an eight-headed hydra
 11778 | D:13     | Killed an eight-headed hydra
 11780 | D:13     | Noticed an ironbound preserver
 11815 | D:13     | Killed an ironbound preserver
 11911 | D:13     | Slain by a large slime creature

Illustrated notes

Levels and vault maps discovered:
D:1:      lightli_arrival_lavapool, layout_basic, basic_ecumenical_altar,
          minmay_misc_feat_room
D:2:      layout_loops_cross, serial_shops, shop_statue, basic_altar, uniq_robin
D:3:      layout_rooms, amcnicky_altar_gilded
D:4:      layout_basic, nicolae_tso_besieged_by_evil
D:5:      layout_layer_cave, grunt_temple_overflow_diamond,
          portal_sewer_entry_d, uniq_eustachio
D:6:      layout_loops_ring, makhleb_blood_cavern_becter,
          minmay_temple_entry_offerings, enter_ossuary_4, uniq_prince_ribbit1,
          uniq_maggie, uniq_grinder
D:7:      layout_rooms, nicolae_qazlal_scattered_showers,
          biasface_ghost_orc_armoury
D:8:      layout_basic, kennysheep_mini, uniq_grum, uniq_erica
D:9:      layout_irregular_city, lair_entry_dummy, david_orc_3,
          nicolae_shop_overcharged_wands, uniq_pikel
D:10:     cheibrodos_barr_body, layout_rooms, chequers_serial_rivers_large_a,
          minmay_misc_feat_alley
D:11:     minmay_the_grid_square_5x5_3x3 [minmay_the_grid_square_5x5_moneybag,
          minmay_the_grid_square_5x5_minibox,
          minmay_the_grid_square_5x5_percent, minmay_the_grid_square_5x5_tie,
          minmay_the_grid_square_5x5_megaprize_checkered,
          minmay_the_grid_square_5x5_forky, minmay_the_grid_square_5x5_shrine1,
          minmay_the_grid_square_5x5_empty, minmay_the_grid_square_5x5_comb],
          layout_irregular_city, minivault_19
D:12:     erik_rubicon_a, layout_basic
D:13:     layout_irregular_city, skrybe_vaults_entry_preservation
Temple:   jpeg_temple_clearing

Skill      XL: |  1  2  3  4  5  6  7  8  9 10 11 12 |
---------------+-------------------------------------+-----
Maces & Flails | 2 3 4 5 7 9 11 13 14 17 | 17.7
Dodging        | 3 4 5 6 |  6.8
Shields        | 3 4 |  4.0
Fighting       | 3 4 5 6 7 |  7.6
Stealth        | 1 2 |  2.3

Action                   |  1- 3 |  4- 6 |  7- 9 | 10-12 || total
-------------------------+-------+-------+-------+-------++-------
Melee: Flail             |   115 |    39 |       |       ||   154
       Giant club        |       |   161 |   472 |   243 ||   876
       Giant spiked club |       |       |       |   248 ||   248
Invok: Potion Petition   |       |       |       |     3 ||     3
  Use: Scroll            |     3 |     5 |     5 |    15 ||    28
       Potion            |     1 |     6 |     3 |     9 ||    19
 Stab: Sleeping          |     1 |     1 |     4 |     3 ||     9
       Distracted        |       |       |     1 |     3 ||     4
       Invisible         |       |       |       |     3 ||     3
Armor: Robe              |    48 |    75 |   181 |       ||   304
       Skin              |       |    22 |     1 |       ||    23
       Steam dragon scal |       |       |    45 |   252 ||   297
Dodge: Dodged            |    49 |   135 |   346 |   346 ||   876
Block: Kite shield       |    54 |    20 |       |       ||    74
       Other             |       |       |       |   105 ||   105

Table legend: (Time is in decaauts)
 A = Elapsed time spent in this place.
 B = Non-inter-level travel time spent in this place.
 C = Inter-level travel time spent in this place.
 D = Time resting spent in this place.
 E = Time spent auto-exploring this place.
 F = Levels seen in this place.
 G = Mean time per level.
                   A        B        C        D        E       F      G
               +--------+--------+--------+--------+--------+-----+--------+
         Total |  12272 |  11689 |    583 |    154 |   8139 |  16 |  767.0 |
       Dungeon |  11116 |  10570 |    546 |    154 |   7438 |  13 |  855.1 |
        Temple |     76 |     39 |     37 |      0 |     30 |   1 |   76.0 |
         Sewer |    744 |    744 |      0 |      0 |    517 |   1 |  744.0 |
       Ossuary |    335 |    335 |      0 |      0 |    154 |   1 |  335.0 |
               +--------+--------+--------+--------+--------+-----+--------+

Top non-repeatable levels by time:
     D:5: 1565 daAuts
    D:12: 1168 daAuts
    D:11: 1156 daAuts
     D:8: 959 daAuts
     D:6: 949 daAuts
     D:9: 824 daAuts
     D:4: 765 daAuts
     D:2: 763 daAuts
   Sewer: 744 daAuts
     D:1: 742 daAuts
     D:3: 681 daAuts
    D:10: 629 daAuts
     D:7: 577 daAuts
 Ossuary: 335 daAuts
    D:13: 331 daAuts
